 Dungeon Crawl Stone Soup version 0.20.0-8-g6b59dc7 (webtiles) character file.

691 Deathclocker the Archer (level 7, 0/88 HPs)
             Began as a Centaur Hunter on June 1, 2017.
             Was a Priest of Lugonu.
             Succumbed to a worker ant's poison
             ... on level 4 of the Dungeon.
             The game lasted 00:10:27 (3811 turns).

Deathclocker the Archer (Centaur Hunter)            Turns: 3811, Time: 00:10:28

Health: 0/88       AC:  9    Str: 16 (19) XL:     7   Next: 36%
Magic:  7/7        EV:  9    Int:  7 (10) God:    Lugonu [***...]
Gold:   182        SH:  0    Dex:  9 (12) Spells: 6/6 levels left

rFire    + . .     SeeInvis .   b - +0 short sword
rCold    . . .     Gourm    .   (no shield)
rNeg     . . .     Faith    .   m - +2 leather armour {rF+}
rPois    .         Spirit   .   (no helmet)
rElec    .         Reflect  .   (no cloak)
rCorr    .         Harm     .   q - +2 pair of gloves
MR       .....                  (no barding)
Stlth    ..........             (no amulet)
Regen    0.3/turn               j - ring of flight
MPRegen  0.1/turn               (no ring)

@: berserking, lethally poisoned (0 -> -19), flying, hasted, very quick
A: hooves 3, deformed body, speed 2, tough skin 3
a: Depart the Abyss, Bend Space, Banish, Renounce Religion


You were on level 4 of the Dungeon.
You worshipped Lugonu.
Lugonu was most pleased with you.
You were not hungry.

You visited 1 branch of the dungeon, and saw 4 of its levels.

You collected 182 gold pieces.

Inventory:

Hand Weapons
 a - a +1 shortbow
 b - a +0 short sword (weapon)
Armour
 c - a +0 leather armour
 g - a +0 pair of gloves
 m - a +2 leather armour of fire resistance (worn)
 q - a +2 pair of gloves (worn)
Jewellery
 j - a ring of flight (left hand)
Scrolls
 e - 4 scrolls of identify
 h - a scroll of enchant armour {unknown}
 l - 2 scrolls of teleportation {unknown}
 p - 2 scrolls of enchant weapon {unknown}
 s - a scroll of noise {unknown}
 t - a scroll of blinking {unknown}
 v - a scroll of magic mapping {unknown}
 y - a scroll of amnesia {unknown}
 z - a scroll of fear {unknown}
 A - 2 scrolls of remove curse {unknown}
 C - a scroll of recharging {unknown}
Potions
 k - 2 potions of degeneration
 n - a potion of flight
 r - a potion of curing {unknown}
 x - a potion of mutation {unknown}
 D - a potion of cancellation {unknown}
 E - a potion of brilliance {unknown}
 G - a potion of agility {unknown}
Comestibles
 f - 4 bread rations
 u - 3 fruits
 w - a royal jelly
 B - a meat ration
 F - a chunk of flesh


   Skills:
 + Level 4.1 Fighting
 + Level 10.0 Bows
 + Level 1.7 Armour
 + Level 1.8 Dodging
 - Level 0.4 Stealth


You had 6 spell levels left.
You didn't know any spells.

Dungeon Overview and Level Annotations

Branches:
Dungeon (4/15)
 Temple: D:4-7

Altars:
Lugonu


Innate Abilities, Weirdness & Mutations

You have hooves in place of feet.
Armour fits poorly on your strangely shaped body.
You cover ground very quickly.
You have extremely tough skin. (AC +3)


Message History

* * * LOW HITPOINT WARNING * * *
You are more poisoned.
The worker ant poisons you! The worker ant barely misses you.
It was a potion of flight.
You feel very buoyant.
You fly up into the air.
* * * LOW HITPOINT WARNING * * *
You feel sick.
It was a potion of berserk rage.
A red film seems to cover your vision as you go berserk!
You feel yourself moving faster!
You feel mighty!
* * * LOW HITPOINT WARNING * * *
You feel sick.
The worker ant bites you but does no damage.
You are too berserk!
You puncture the worker ant!
You kill the worker ant!
Lugonu accepts your kill.
Your Bows skill increases to level 10!
You die...

...#.# #.#..#
#####.###.#..#
#.......#..#
#.#.###.#..#
##.#.#...#..#
.........#..#
.....#.#.#..#
#...#.#.#.#..##
............@)#
#.#.#..###..#)#
#.. #..#... #..
#..#.#(# #..
#..#.#.# .....#
# .#..#.#
.#.....


There were no monsters in sight!

Vanquished Creatures
  The ghost of Deathclocker the Ruffian, an amateur TrMo (D:4)
  Sigmund (D:2)
  Purgy (D:3)
  2 hounds (D:4)
  A bullfrog skeleton (D:3)
  3 worker ants (D:4)
  2 adders
  4 gnolls
  A worm (D:2)
  2 dart slugs (D:2)
  3 leopard geckos
  7 orcs
  2 giant cockroaches (D:3)
  7 goblins
  11 hobgoblins
  4 jackals
  2 quokkas
  A ball python (D:1)
  8 bats
  4 frilled lizards
  7 kobolds
  9 rats
83 creatures vanquished.

Notes
Turn   | Place    | Note
-------+----------+-------------------------------------------
     0 | D:1      | Deathclocker the Centaur Hunter began the quest for the Orb.
     0 | D:1      | Reached XP level 1. HP: 17/17 MP: 1/1
   136 | D:1      | Reached XP level 2. HP: 8/25 MP: 2/2
   600 | D:1      | Reached skill level 6 in Bows
   689 | D:1      | Reached XP level 3. HP: 30/30 MP: 3/3
  1290 | D:2      | Found a faded altar of an unknown god.
  1296 | D:2      | Became a worshipper of Lugonu the Unformed
  1296 | D:2      | Reached * piety under Lugonu
  1296 | D:2      | Reached ** piety under Lugonu
  1459 | D:2      | Noticed Sigmund
  1771 | D:2      | Killed Sigmund
  1771 | D:2      | Reached skill level 8 in Bows
  1771 | D:2      | Reached XP level 4. HP: 25/38 MP: 4/4
  1771 | D:2      | Reached XP level 5. HP: 29/45 MP: 5/5
  2508 | D:3      | Reached skill level 1 in Armour
  2508 | D:3      | Reached XP level 6. HP: 44/51 MP: 6/6
  2766 | D:3      | Reached *** piety under Lugonu
  2901 | D:3      | Noticed Purgy
  2920 | D:3      | Killed Purgy
  2920 | D:3      | Reached skill level 9 in Bows
  3170 | D:4      | Noticed Deathclocker's ghost (amateur TrMo)
  3400 | D:4      | Killed Deathclocker's ghost
  3400 | D:4      | Reached XP level 7. HP: 18/59 MP: 7/7
  3809 | D:4      | HP: 2/59 [poisoned by a worker ant]
  3811 | D:4      | Reached skill level 10 in Bows
  3811 | D:4      | Succumbed to a worker ant's poison

Skill      XL: |  1  2  3  4  5  6  7 |
---------------+----------------------+-----
Bows           | 6 8 9 10 | 10.0
Fighting       | 3 4 |  4.1
Armour         | 1 |  1.7
Dodging        | |  1.8
Stealth        | |  0.4

Action                   |  1- 3 |  4- 6 |  7- 9 || total
-------------------------+-------+-------+-------++-------
Melee: Shortbow          |     1 |     1 |       ||     2
       Kick              |       |     1 |     7 ||     8
       Short sword       |       |       |    22 ||    22
 Fire: Shortbow          |   118 |   200 |    18 ||   336
  Use: Scroll            |     1 |       |       ||     1
       Potion            |       |       |     4 ||     4
  Eat: Chunk             |     1 |     4 |     2 ||     7
Armor: Leather armour    |     7 |    74 |    13 ||    94
Dodge: Dodged            |    16 |    82 |    15 ||   113
